 Dungeon Crawl Stone Soup version 0.28-a0-1506-g3893175d92 (webtiles) character file.

Game seed: 15887353084896343676

175 Zonian the Magician (level 5, 0/35 HPs)
             Began as a Djinni Ice Elementalist on Jan 14, 2022.
             Slain by a hobgoblin (2 damage)
             ... on level 3 of the Dungeon.
             The game lasted 00:08:44 (6859 turns).

Zonian the Magician (Djinni Ice Elementalist)       Turns: 6859, Time: 00:08:44

Health: 0/35       AC:  2    Str:  5    XL:     5   Next: 85%
Gold:   104        EV: 13    Int: 18    God:
                   SH:  0    Dex: 14

rFire   + + .      SeeInvis .   d - +0 dagger
rCold   x . .      Faith    .   (no shield)
rNeg    . . .      Spirit   .   a - +0 robe
rPois   ∞          Reflect  .   (no helmet)
rElec   .          Harm     .   (no cloak)
rCorr   .          Rampage  .   (no gloves)
Will    .....                   (boots unavailable)
Stlth   ++........              (no amulet)
HPRegen 0.11/turn               (no ring)
MPRegen 0.00/turn               (no ring)

@: on berserk cooldown, attractive, flying, hasted and slowed
A: sickness immunity, fire resistance 2, cold vulnerability 1, float, innate
caster, hp casting, extra vitality 1, weak 1, subdued magic 1, inability to read
while threatened
a: no special abilities


You were on level 3 of the Dungeon.
You visited 1 branch of the dungeon, and saw 3 of its levels.

You collected 104 gold pieces.

Inventory:

Hand Weapons
 d - a +0 dagger (weapon)
Missiles
 e - 5 poisoned darts
Armour
 a - a +0 robe (worn)
 b - a +0 helmet
 c - an orb of light
Potions
 f - a potion of flight
 h - a potion of magic {unknown}
 i - a potion of berserk rage
 k - a potion of lignification {unknown}


   Skills:
 + Level 3.9 Dodging
 + Level 3.1 Stealth
 + Level 4.0 Spellcasting


You couldn't memorise any spells.
You knew the following spells:

 Your Spells              Type           Power      Damage    Failure   Level
a - Freeze                Ice            52%        1d7       1%          1
b - Frozen Ramparts       Ice            26%        1d4       7%          3
c - Ozocubu's Armour      Ice            13%        N/A       7%          3
d - Hailstorm             Conj/Ice       13%        3d5       24%         4
e - Foxfire               Conj/Fire      52%        2x1d6     1%          1
f - Blink                 Tloc           26%        N/A       3%          2
Your spell library was empty.

Dungeon Overview and Level Annotations

Branches:
Dungeon (3/15)

Altars:

Shops:
D:1 ([[


Innate Abilities, Weirdness & Mutations

You are immune to sickness and miasma.
You are immune to poison.
Your flesh is very heat resistant. (rF++)
You are vulnerable to cold. (rC-)
You float through the air rather than walking.
You learn spells naturally, not from books.
Your magical power is your life essence.
You have superior vitality. (+4 MHP)
You are weak. (Str -2)
Your spells are a little easier to cast, but a little less powerful.
You sometimes lose the ability to read scrolls when taking damage.


Message History

The ball python closely misses you.
You barely miss the ball python.
The ball python is severely wounded.
The ball python bites you but does no damage.
The ball python barely misses you.
You closely miss the ball python.
The ball python is severely wounded.
The ball python completely misses you. The ball python grabs you.
The ball python constricts you.
* * * LOW HITPOINT WARNING * * *
You closely miss the ball python.
The ball python is severely wounded.
You hit the ball python.
You kill the ball python!
You barely miss the kobold. You hit the kobold.
You kill the kobold!
You feel a strong urge to attack something.
You feel your anger nearly subside.
You are no longer berserk.
You are exhausted.
You feel yourself slow down.
Unknown command.
The hobgoblin throws a stone.
The stone misses you.
The hobgoblin throws a stone.
The stone hits you.
* * * LOW HITPOINT WARNING * * *
The hobgoblin throws a stone.
The stone hits you.
* * * LOW HITPOINT WARNING * * *
It was a potion of haste.
You feel yourself speed up.
It was a potion of mutation.
You feel extremely strange.
You feel weaker.
You lose the ability to read scrolls when threatened.
Your connection to magic feels subdued.
Okay, then.
It was a potion of attraction.
You feel attractive to monsters.
The hobgoblin throws a stone.
The stone closely misses you. The hobgoblin is attracted toward you.
You feel as though your hastened speed will last longer.
The hobgoblin hits you.
You die...

#.# #g#.#
#.##.########
####.#
#.#.###......>.....
.....#
#..........#######.
.##### ###.######
#. [# ### #.# #. .#
##>## #.# #. .#
#...# #§# #. .#
#.8.########g# ###.
.# #...#......@.#
#...
.#####'.##.########
#.## )...#.######
#.# .##...##...##
#.## .##.8....8.<#
#... .##.[.##...##
#### .##...######
.##.##..##.#
.##)##...#.##


You could see a hobgoblin.

Vanquished Creatures
  An orc priest (D:3)
  A hound (D:3)
  An orc wizard (D:3)
  A gnoll (D:3)
  2 adders
  A worm (D:2)
  A dart slug (D:1)
  5 orcs (D:3)
  6 endoplasms
  2 giant cockroaches
  5 goblins
  3 hobgoblins
  3 kobolds
  3 quokkas
  5 ball pythons (D:3)
  8 bats
  3 frilled lizards
  3 rats (D:1)
54 creatures vanquished.

Notes
Turn   | Place    | Note
-------+----------+-------------------------------------------
     0 | D:1      | Zonian the Djinni Ice Elementalist began the quest for the
                  | Orb.
     0 | D:1      | Reached XP level 1. HP: 15/15 MP: 0/0
    14 | D:1      | Found Nyarhaud's Antique Armour Emporium.
   173 | D:1      | Found Estaoq's Antique Armour Shop.
   444 | D:1      | Reached XP level 2. HP: 18/21 MP: 0/0
   806 | D:1      | Found Nan Tiu's Antique Weapon Boutique.
  1514 | D:1      | Found a faded altar of an unknown god.
  2164 | D:2      | Reached XP level 3. HP: 11/25 MP: 0/0
  2164 | D:2      | Learned a level 1 spell: Foxfire
  3312 | D:2      | Reached XP level 4. HP: 14/31 MP: 0/0
  5306 | D:3      | Reached XP level 5. HP: 2/35 MP: 0/0
  5306 | D:3      | Learned a level 2 spell: Blink
  6833 | D:3      | Reached skill level 4 in Spellcasting
  6855 | D:3      | HP: 1/35 [hobgoblin/stone (3)]
  6857 | D:3      | Gained mutation: You are weak. (Str -2) [potion of
                  | mutation]
  6857 | D:3      | Gained mutation: You sometimes lose the ability to read
                  | scrolls when taking damage. [potion of mutation]
  6857 | D:3      | Gained mutation: Your spells are a little easier to cast,
                  | but a little less powerful. [potion of mutation]
  6859 | D:3      | Slain by a hobgoblin

Illustrated notes

Levels and vault maps discovered:
D:1:      minmay_arrival_stone_box, layout_rooms,
          shapermc_ecumenical_altar_mp_vishouse, serial_shops,
          nicolae_square_shop, shop_fountains, shop
D:2:      layout_basic, hangedman_decor_points
D:3:      layout_loops_ring, grunt_ministairs_4, chequers_hall_statues_wall_a,
          glass_columns_a, minmay_randomly_rotated_circles

Skill      XL: |  1  2  3  4  5 |
---------------+----------------+-----
Stealth        | 2 3 |  3.1
Dodging        | 3 |  3.9
Spellcasting   | 4 |  4.0

Action                   |  1- 3 |  4- 6 || total
-------------------------+-------+-------++-------
Melee: Dagger            |    34 |    29 ||    63
 Cast: Freeze            |    50 |    43 ||    93
       Frozen Ramparts   |       |     1 ||     1
  Use: Potion            |       |     6 ||     6
       Scroll            |       |     2 ||     2
 Stab: Sleeping          |     3 |     1 ||     4
Armor: Robe              |    15 |     8 ||    23
Dodge: Dodged            |    42 |    59 ||   101

Table legend: (Time is in decaauts)
 A = Elapsed time spent in this place.
 B = Non-inter-level travel time spent in this place.
 C = Inter-level travel time spent in this place.
 D = Time resting spent in this place.
 E = Time spent auto-exploring this place.
 F = Levels seen in this place.
 G = Mean time per level.
                   A        B        C        D        E       F      G
               +--------+--------+--------+--------+--------+-----+--------+
         Total |   6863 |   6782 |     81 |   4076 |   1898 |   3 | 2287.7 |
       Dungeon |   6863 |   6782 |     81 |   4076 |   1898 |   3 | 2287.7 |
               +--------+--------+--------+--------+--------+-----+--------+

Top non-repeatable levels by time:
     D:2: 2914 daAuts
     D:3: 2171 daAuts
     D:1: 1776 daAuts
